 Dungeon Crawl Stone Soup version 0.26-a0-667-g92642533e4 (webtiles) character file.

Game seed: 2323615365878514735

1026 jasper the Slinger (level 8, 0/56 HPs)
             Began as a Human Hunter on Oct 18, 2020.
             Was an Initiate of Gozag.
             Slain by a quokka (2 damage)
             ... on level 6 of the Dungeon.
             The game lasted 00:09:42 (5875 turns).

jasper the Slinger (Human Hunter)                   Turns: 5875, Time: 00:09:42

Health: 0/56       AC:  5    Str: 14      XL:     8   Next: 47%
Magic:  8/8        EV: 10    Int: 13      God:    Gozag
Gold:   115        SH:  0    Dex: 12 (13) Spells: 7/7 levels left

rFire    . . .     SeeInvis .   a - +1 hunting sling
rCold    . . .     Faith    .   (no shield)
rNeg     . . .     Spirit   .   g - +0 ring mail (curse)
rPois    +         Reflect  .   e - +0 helmet
rElec    .         Harm     .   (no cloak)
rCorr    .         Rampage  .   q - -2 pair of gloves (curse)
MR       .....                  (no boots)
Stlth    +.........             (no amulet)
HPRegen  0.18/turn              (no ring)
MPRegen  0.11/turn              (no ring)

@: brilliant, drained
A: poison resistance, MP-powered wands
a: Potion Petition, Call Merchant, Bribe Branch, Renounce Religion


You were on level 6 of the Dungeon.
You worshipped Gozag.
Gozag was aware of your devotion.
You visited 2 branches of the dungeon, and saw 7 of its levels.

You collected 208 gold pieces.
You paid 93 gold pieces to Gozag.

Inventory:

Hand Weapons
 a - a +1 hunting sling (weapon)
 b - a +0 short sword
Missiles
 i - 10 stones (quivered)
Armour
 c - a +0 leather armour
 e - a +0 helmet (worn)
 g - a cursed +0 ring mail (worn)
 h - a +0 ring mail
 q - a cursed -2 pair of gloves (worn)
Jewellery
 o - a cursed ring of teleportation {unknown}
 p - an uncursed ring of flight
Wands
 m - a wand of random effects (11)
Scrolls
 f - a scroll of random uselessness
 l - a scroll of identify
Potions
 j - a potion of mutation


   Skills:
 - Level 2.0(1.3) Fighting
 + Level 10.1(9.3) Slings
 - Level 2.0(1.3) Dodging
 - Level 1.0(0.3) Stealth


You had 7 spell levels left.
You didn't know any spells.
Your spell library was empty.

Dungeon Overview and Level Annotations

Branches:
Dungeon (6/15)             Temple (1/1) D:6

Altars:
Ashenzari
Cheibriados
Elyvilon
Fedhas
Gozag
Hepliaklqana
Nemelex Xobeh
Trog
Uskayaw
Vehumet
Wu Jian
Xom
Yredelemnul
The Shining One


Innate Abilities, Weirdness & Mutations

Your system is resistant to poisons. (rPois)
You expend magic power (3 MP) to strengthen your wands.


Message History

The adder hisses angrily.
A leopard gecko comes into view.
The leopard gecko hisses angrily.
You hear a bark! x3
A centaur comes into view.
A jackal comes into view.
The sky beast hits you.
* * * LOW HITPOINT WARNING * * *
The sky beast shocks you.
* * * LOW HITPOINT WARNING * * *
Found an escape hatch in the floor.
A sky beast comes into view.
You take 10 damage, and have 2/56 hp.
The ogre shouts!
A quokka comes into view.
A quokka comes into view.
The leopard gecko closely misses you.
The sky beast flickers out of sight!
Deactivating autopickup; reactivate with Ctrl-A.
The hound bites you but does no damage. The quokka bites you.
You die...
Your body crumbles into a pile of gold.

## ### ##.
..##.. $ .....
### #... ##.>..
#...## #......
#..rO###.......
#..r@#.........
#...l.h...h....
#..............
#.......c......
##.............
#.....##......
#...### ######
#..## ..#


You could see an ogre, a centaur, a hound, a leopard gecko, 2 quokkas and a
jackal.

Vanquished Creatures
  Sigmund (D:2)
  Eustachio (D:5)
  2 phantoms
  A scorpion (D:5)
  A wight (D:6)
  A hound (D:5)
  An orc priest (D:3)
  An iguana (D:5)
  An orc wizard (D:4)
  3 worker ants
  A howler monkey zombie (D:5)
  8 adders
  6 gnolls (D:4)
  2 oozes
  3 worms (D:2)
  4 dart slugs (D:2)
  5 leopard geckos
  14 orcs
  A ball python (D:1)
  9 bats
  6 giant cockroaches
  5 goblins
  9 hobgoblins
  13 jackals
  2 quokkas (D:2)
  5 frilled lizards
  A jackal skeleton (D:4)
  7 kobolds
  8 rats
122 creatures vanquished.

Vanquished Creatures (others)
  A plant (D:4)
1 creature vanquished.

Grand Total: 123 creatures vanquished

Notes
Turn   | Place    | Note
-------+----------+-------------------------------------------
     0 | D:1      | jasper the Human Hunter began the quest for the Orb.
     0 | D:1      | Reached XP level 1. HP: 16/16 MP: 1/1
   217 | D:1      | Reached XP level 2. HP: 22/22 MP: 2/2
   527 | D:1      | Reached XP level 3. HP: 26/27 MP: 3/3
  1061 | D:2      | Reached skill level 5 in Slings
  1377 | D:2      | Found a blossoming altar of Fedhas.
  1481 | D:2      | Noticed Sigmund
  1495 | D:2      | Killed Sigmund
  1495 | D:2      | Reached skill level 6 in Slings
  1495 | D:2      | Reached XP level 4. HP: 9/33 MP: 4/4
  1495 | D:2      | Reached XP level 5. HP: 10/38 MP: 5/5
  1495 | D:2      | Reached XP level 6. HP: 12/44 MP: 6/6
  1803 | D:2      | Reached skill level 7 in Slings
  2594 | D:3      | Found a broken altar of Ashenzari.
  3159 | D:4      | Noticed a phantom
  3188 | D:4      | Killed a phantom
  3188 | D:4      | Reached skill level 8 in Slings
  3188 | D:4      | Reached XP level 7. HP: 41/50 MP: 7/7
  3749 | D:4      | Gained mutation: Your system is resistant to poisons.
                  | (rPois) [potion of mutation]
  3749 | D:4      | Gained mutation: You expend magic power (3 MP) to
                  | strengthen your wands. [potion of mutation]
  4165 | D:5      | Entered Level 5 of the Dungeon
  5053 | D:5      | Reached skill level 9 in Slings
  5143 | D:5      | Reached XP level 8. HP: 45/56 MP: 8/8
  5294 | D:5      | Noticed Eustachio
  5342 | D:5      | Killed Eustachio
  5463 | D:5      | Reached skill level 10 in Slings
  5539 | D:6      | Found a staircase to the Ecumenical Temple.
  5550 | Temple   | Entered the Ecumenical Temple
  5569 | Temple   | Became a worshipper of Gozag Ym Sagoz the Greedy
  5872 | D:6      | HP: 2/56 [sky beast (6)]
  5875 | D:6      | Slain by a quokka

Illustrated notes

Levels and vault maps discovered:
D:1:      shiori_arrival_elements, layout_basic, kennysheep_nondescript
D:2:      layout_basic, overflow_temple_1_default, serial_glass,
          glass_columns_a, glass_columns_a, due_unseen_surprise,
          item_on_display_a, feat_on_display, feat_on_display, uniq_sigmund
D:3:      layout_rooms, evilmike_ruin_ashenzari
D:4:      lemuel_castle_with_subvaults [lemuel_castle_interior_carwin_1],
          layout_cave_pools, nicolae_dithmenos_the_darkroom,
          nicolae_overflow_crystal_walls, minmay_rat_hole
D:5:      layout_rooms, uniq_eustachio
D:6:      layout_cave_pods, tgw_sif, minmay_temple_entry_glassed_door,
          uniq_maggie
Temple:   cyrus_circular_temple

Skill      XL: |  1  2  3  4  5  6  7  8 |
---------------+-------------------------+-----
Slings         | 6 8 9 10 | 10.1
Fighting       | |  2.0
Dodging        | |  2.0
Stealth        | |  1.0

Action                   |  1- 3 |  4- 6 |  7- 9 || total
-------------------------+-------+-------+-------++-------
 Fire: Hunting sling     |   104 |   195 |   332 ||   631
Throw: Throwing net      |       |       |     1 ||     1
  Use: Scroll            |       |       |     9 ||     9
       Potion            |       |       |     5 ||     5
Armor: Leather armour    |     2 |       |       ||     2
       Ring mail         |    10 |    27 |    43 ||    80
Dodge: Dodged            |    30 |    24 |   106 ||   160

Table legend: (Time is in decaauts)
 A = Elapsed time spent in this place.
 B = Non-inter-level travel time spent in this place.
 C = Inter-level travel time spent in this place.
 D = Time resting spent in this place.
 E = Time spent auto-exploring this place.
 F = Levels seen in this place.
 G = Mean time per level.
                   A        B        C        D        E       F      G
               +--------+--------+--------+--------+--------+-----+--------+
         Total |   5776 |   5582 |    194 |    943 |   3513 |   7 |  825.1 |
       Dungeon |   5743 |   5561 |    182 |    943 |   3500 |   6 |  957.2 |
        Temple |     32 |     20 |     12 |      0 |     13 |   1 |   32.0 |
               +--------+--------+--------+--------+--------+-----+--------+

Top non-repeatable levels by time:
     D:2: 1363 daAuts
     D:5: 1312 daAuts
     D:1: 1037 daAuts
     D:4: 922 daAuts
     D:3: 797 daAuts
     D:6: 310 daAuts
  Temple: 32 daAuts
